 Dungeon Crawl Stone Soup version 0.30-a0-743-gbfdf073431 (webtiles) character file.

Game seed: 14883151222292217106

94 ryw the Trooper (level 4, -4/41 HPs)
             Began as a Hill Orc Fighter on Feb 6, 2023.
             Slain by Menkaure (20 damage)
             ... on level 4 of the Dungeon.
             The game lasted 00:03:39 (2581 turns).

ryw the Trooper (Hill Orc Fighter)                  Turns: 2581, Time: 00:03:40

Health: -4/41      AC: 10    Str: 20    XL:     4   Next: 63%
Magic:  4/4        EV:  9    Int:  8    God:
Gold:   153        SH:  5    Dex: 10    Spells: 3/3 levels left

rFire   . . .      SeeInvis .    e - +0 broad axe
rCold   . . .      Faith    .    c - +1 buckler
rNeg    . . .      Spirit   .    b - +0 scale mail
rPois   .          Reflect  .    (no helmet)
rElec   .          Harm     .    (no cloak)
rCorr   .          Rampage  .    i - +2 pair of gloves
Will    .....                    (no boots) Stlth
                                 (no amulet)
HPRegen 0.26/turn                (no ring)
MPRegen 0.09/turn                (no ring)

@: mighty
A: no striking features
a: no special abilities


You were on level 4 of the Dungeon.
You visited 1 branch of the dungeon, and saw 4 of its levels.

You collected 153 gold pieces.

Inventory:

Hand Weapons
 e - a +0 broad axe (weapon)
Missiles
 p - 4 javelins (quivered)
Armour
 b - a +0 scale mail (worn)
 c - a +1 buckler (worn)
 i - a +2 pair of gloves (worn)
Jewellery
 j - a +5 ring of evasion
Wands
 n - a wand of flame (2)
Scrolls
 k - 2 scrolls of identify
Potions
 a - 2 potions of curing
 f - 2 potions of flight
 g - a potion of heal wounds {unknown}
 h - a potion of mutation {unknown}
 l - 2 potions of ambrosia {unknown}


   Skills:
 + Level 4.4 Fighting
 + Level 3.8 Axes
 + Level 4.0 Armour
 + Level 4.0 Shields


You had 3 spell levels left.
You didn't know any spells.
Your spell library contained the following spells:

 Spells                   Type           Power      Damage    Failure   Level
 Lesser Beckoning         Tloc           0%         N/A       94%         2
 Gell's Gravitas          Tloc           0%         N/A       99%         3
 Teleport Other           Tloc           0%         N/A       99%         3


Dungeon Overview and Level Annotations

Branches:
Dungeon (4/15)
 Temple: D:4-7

Altars:
Qazlal

Shops:
D:2 =

Annotations:
D:4 Menkaure


Message History

Done exploring.
There is a stone staircase leading down here.
You climb downwards.
There is a stone staircase leading up here.
Unknown command.
You feel your willpower return.
Found a stone staircase leading down.
There is a stone staircase leading down here.
A dart slug comes into view.
The dart slug launches a dart at you.
The slug dart hits you but does no damage.
The dart slug launches a dart at you. The slug dart misses you.
The dart slug closely misses you.
You hit the dart slug.
The dart slug is severely wounded.
You block the dart slug's attack.
You slash the dart slug!
You kill the dart slug!
No target in view!
No target in view!
You see here a dart slug corpse.
Menkaure, Prince of Dust comes into view.
Found a fizzy blue potion.
Menkaure shouts!
Menkaure moves out of view.
Okay, then.
You feel very mighty all of a sudden. Menkaure hits you!
Sorry, you're not good enough to have a special ability.
You barely miss Menkaure.
Menkaure hums drily.
Menkaure calls on the powers of darkness!
Your body is wracked with pain!
You slash Menkaure!
Menkaure is severely damaged.
Menkaure hits you.
* * * LOW HITPOINT WARNING * * *
You feel better. Menkaure hits you!!
You die...

#.#.# ### #.#.#
...####>#.##
...........#
#.#####.#..# #.
#.#..#
#.####.#####.#..#
#.....#.†....#..#
#@#######..# #M#
#..# #.. ...#
#.## !.# ###


You could see Menkaure.

Vanquished Creatures
  2 adders
  2 worms
  6 dart slugs
  2 orcs (D:3)
  7 endoplasms
  7 goblins
  5 hobgoblins
  3 quokkas (D:3)
  2 ball pythons (D:2)
  4 bats
  A frilled lizard (D:3)
  5 kobolds
  5 rats
51 creatures vanquished.

Notes
Turn   | Place    | Note
-------+----------+-------------------------------------------
     0 | D:1      | ryw the Hill Orc Fighter began the quest for the Orb.
     0 | D:1      | Reached XP level 1. HP: 19/19 MP: 1/1
   315 | D:1      | Reached XP level 2. HP: 19/27 MP: 2/2
   430 | D:1      | Found a faded altar of an unknown god.
   430 | D:1      | Noticed a blizzard demon
  1027 | D:2      | Reached XP level 3. HP: 33/33 MP: 3/3
  1244 | D:2      | Found Wojaucw's Jewellery Emporium.
  1903 | D:3      | Reached XP level 4. HP: 35/40 MP: 4/4
  1948 | D:3      | Found a stormy altar of Qazlal.
  2576 | D:4      | Noticed Menkaure
  2581 | D:4      | Slain by Menkaure

Illustrated notes

Levels and vault maps discovered:
D:1:      shiori_angband_town, layout_basic,
          dreamdust_ecumenical_altar_sealed_demon, lemuel_flame_loot_1
D:2:      layout_basic, serial_shops, shop, minmay_3d_cube
D:3:      layout_basic, mainiacjoe_overflow_24_doors
D:4:      layout_loops_ring, uniq_menkaure, uniq_grinder

Skill      XL: |  1  2  3  4 |
---------------+-------------+-----
Axes           | 3 |  3.8
Fighting       | 4 |  4.4
Armour         | 4 |  4.0
Shields        | 4 |  4.0

Action                     |  1- 3 |  4- 6 || total
---------------------------+-------+-------++-------
  Melee: War axe           |    11 |       ||    11
         Broad axe         |    76 |    49 ||   125
    Use: Scroll            |     4 |     3 ||     7
         Potion            |       |     2 ||     2
 Armour: Scale mail        |    41 |    34 ||    75
  Dodge: Dodged            |    44 |    20 ||    64
  Block: Buckler           |    21 |    13 ||    34

Table legend: (Time is in decaauts)
 A = Elapsed time spent in this place.
 B = Non-inter-level travel time spent in this place.
 C = Inter-level travel time spent in this place.
 D = Time resting spent in this place.
 E = Time spent auto-exploring this place.
 F = Levels seen in this place.
 G = Mean time per level.
                   A        B        C        D        E       F      G
               +--------+--------+--------+--------+--------+-----+--------+
         Total |   2642 |   2525 |    117 |     65 |   1986 |   4 |  660.5 |
       Dungeon |   2642 |   2525 |    117 |     65 |   1986 |   4 |  660.5 |
               +--------+--------+--------+--------+--------+-----+--------+

Top non-repeatable levels by time:
     D:1: 999 daAuts
     D:2: 899 daAuts
     D:3: 675 daAuts
     D:4: 68 daAuts
